 Dungeon Crawl Stone Soup version 0.20.1-1-g8b1a95d (webtiles) character file.

13041 Devour the Carver (level 11, -11/101 HPs)
             Began as a Minotaur Monk on Sept 25, 2017.
             Was the Champion of Cheibriados.
             Killed from afar by Frances (33 damage)
             ... with an iron shot
             ... on level 12 of the Dungeon.
             The game lasted 00:33:51 (11551 turns).

Devour the Carver (Minotaur Monk)                  Turns: 11551, Time: 00:33:52

Health: -11/101    AC: 19    Str: 32    XL:     11   Next: 70%
Magic:  15/15      EV: 20    Int: 26    God:    Cheibriados [******]
Gold:   899        SH:  8    Dex: 34    Spells: 10/10 levels left

rFire    . . .     SeeInvis .   a - +9 falchion (curse)
rCold    . . .     Gourm    .   x - +0 buckler
rNeg     . . .     Faith    +   r - +0 chain mail
rPois    +         Spirit   .   (helmet restricted)
rElec    .         Reflect  .   L - +2 cloak
rCorr    .         Harm     .   J - +1 pair of gloves of the Poles {rPois Int+4}
MR       .....                  q - +1 pair of boots
Stlth    ..........             i - amulet of faith
Regen    0.3/turn               n - +4 ring of dexterity
MPRegen  0.2/turn               b - ring of flight

@: very slow
A: retaliatory headbutt, horns 2
a: Bend Time, Temporal Distortion, Slouch, Step From Time, Renounce Religion,
Evoke Flight


You were on level 12 of the Dungeon.
You worshipped Cheibriados.
Cheibriados was exalted by your worship.
You were full.

You visited 2 branches of the dungeon, and saw 13 of its levels.

You collected 899 gold pieces.

Inventory:

Hand Weapons
 a - a cursed +9 falchion (weapon)
 o - a +3 falchion of freezing
 I - a +2 hand axe of flaming
Armour
 e - a +0 plate armour
 q - a +1 pair of boots (worn)
 r - a +0 chain mail (worn)
 x - a +0 buckler (worn)
 J - the +1 pair of gloves of the Poles (worn) {rPois Int+4}
   (You found it on level 6 of the Dungeon)

   It affects your intelligence (+4).
   It protects you from poison.
 L - a +2 cloak (worn)
Jewellery
 b - a ring of flight (right hand)
 h - an uncursed ring of protection from cold
 i - an amulet of faith (around neck)
 n - a +4 ring of dexterity (left hand)
Wands
 M - a wand of paralysis (24/24)
Scrolls
 d - a scroll of amnesia
 f - 10 scrolls of teleportation
 g - 2 scrolls of blinking
 l - a scroll of identify
 w - a scroll of immolation
 F - 2 scrolls of magic mapping
 G - a scroll of fear
Potions
 k - 2 potions of curing
 m - 2 potions of brilliance
 p - a potion of degeneration
 s - a potion of invisibility {unknown}
 t - a potion of might {unknown}
 u - 3 potions of ambrosia
 v - 4 potions of mutation {unknown}
 z - 4 potions of flight
 C - 2 potions of lignification {unknown}
 K - 2 potions of resistance
Books
 O - a book of Frost

   Spells                             Type                      Level
   a - Freeze                         Ice                          1
   b - Throw Frost                    Conjuration/Ice              2
   c - Ozocubu's Armour               Charms/Ice                   3
   d - Throw Icicle                   Conjuration/Ice              4
   e - Summon Ice Beast               Ice/Summoning                4
Comestibles
 c - 6 bread rations
 j - 7 royal jellies
 A - 7 fruits
 B - 4 meat rations


   Skills:
 + Level 10.7 Fighting
 + Level 10.8 Long Blades
 + Level 10.0 Armour
 + Level 10.1 Dodging
 - Level 1.9 Stealth
 - Level 5.0 Shields
 + Level 6.8 Invocations


You had 10 spell levels left.
You didn't know any spells.

Dungeon Overview and Level Annotations

Branches:
Dungeon (12/15)            Temple (1/1) D:4            Lair (0/6) D:10
    Orc (0/2) D:10

Altars:
Ashenzari
Cheibriados
Dithmenos
Fedhas
Gozag
Kikubaaqudgha
Nemelex Xobeh
Okawaru
Ru
Sif Muna
Uskayaw
Vehumet
Yredelemnul
Zin
The Shining One

Shops:
D:7 %

Annotations:
D:12 Frances


Innate Abilities, Weirdness & Mutations

You reflexively headbutt those who attack you in melee.
You have a pair of horns on your head.


Message History

Cheibriados appreciates the change of pace.
Your chain mail prevents you from hitting Frances.
You headbutt Frances.
Frances is severely wounded.
You block the yak's attack.
Frances screams a word of power!
Unknown command.
You hit Frances.
Frances is severely wounded.
The yak misses you.
Unknown command.
You hit Frances. You headbutt Frances!
Frances is severely wounded.
The yak misses you. You furiously retaliate!
You headbutt the yak!
You kill the yak!
Cheibriados appreciates the change of pace.
Frances sneers.
Frances whispers indecipherable words.
The iron shot hits you!
You die...

##...........#
##.............##
##....[..........#
##.................
##..................
##...................
##..[.................
#...........4..4....$.
#............!Y@)......
...............@)......
.............$.........
......................
......................
....................(.
..........###(........
...... #.........


You could see Frances, an orange demon, a hellwing and a yak.

Vanquished Creatures
  A hydra (D:11)
  4 two-headed ogres
  Joseph (D:8)
  Maurice (D:8)
  A centaur skeleton (D:9)
  A troll (D:9)
  2 hippogriffs
  A hornet (D:10)
  The ghost of ck1fx the Chopper, an amateur MiMo (D:4)
  7 yaks
  A wyvern (D:10)
  A basilisk (D:10)
  Edmund (D:6)
  An acid dragon (D:11)
  3 porcupines (D:10)
  A water moccasin (D:6)
  A hornet zombie (D:11)
  2 ice beasts (D:8)
  3 orc warriors (D:10)
  3 black bears (D:10)
  2 wolves (D:10)
  3 phantoms
  5 ogres
  6 centaurs
  2 crocodiles (D:10)
  2 big kobolds
  7 bullfrogs
  2 gnoll sergeants
  A wyvern zombie (D:9)
  4 scorpions
  6 killer bees (D:10)
  17 wights
  3 howler monkeys
  5 crimson imps
  A quasit (D:6)
  2 bullfrog zombies
  2 jellies
  10 orc priests
  5 hounds
  2 bullfrog skeletons
  12 orc wizards
  3 iguanas
  7 worker ants
  A killer bee zombie (D:6)
  A worker ant zombie (D:5)
  8 gnolls
  15 adders
  3 shadow imps
  2 adder skeletons
  3 worms
  7 dart slugs
  7 leopard geckos
  40 orcs
  13 bats
  8 giant cockroaches
  5 goblins
  6 hobgoblins
  11 jackals
  18 kobolds
  2 quokkas
  4 ball pythons
  A frilled lizard (D:1)
  A jackal skeleton (D:4)
  6 rats
308 creatures vanquished.

Vanquished Creatures (others)
  An iguana (D:4)
  A fungus (D:10)
  5 plants (D:10)
7 creatures vanquished.

Grand Total: 315 creatures vanquished

Notes
Turn   | Place    | Note
-------+----------+-------------------------------------------
     0 | D:1      | Devour the Minotaur Monk began the quest for the Orb.
     0 | D:1      | Reached XP level 1. HP: 19/19 MP: 0/0
   196 | D:1      | Reached XP level 2. HP: 14/27 MP: 1/1
   822 | D:1      | Reached XP level 3. HP: 33/33 MP: 2/2
   989 | D:1      | Reached skill level 1 in Armour
  1479 | D:2      | Reached XP level 4. HP: 40/40 MP: 3/3
  2870 | D:3      | Reached skill level 1 in Shields
  2870 | D:3      | Reached XP level 5. HP: 25/47 MP: 4/4
  3174 | D:4      | Noticed ck1fx's ghost (amateur MiMo)
  3628 | D:4      | Reached skill level 5 in Fighting
  3628 | D:4      | Reached skill level 5 in Long Blades
  3646 | D:4      | Reached XP level 6. HP: 35/56 MP: 5/5
  3936 | D:4      | Killed ck1fx's ghost
  3936 | D:4      | Reached skill level 5 in Dodging
  3983 | D:4      | Found a basalt altar of Yredelemnul.
  4001 | D:4      | Reached XP level 7. HP: 27/61 MP: 6/6
  4293 | D:4      | Found an ancient bone altar of Kikubaaqudgha.
  4523 | D:4      | Found a staircase to the Ecumenical Temple.
  4532 | Temple   | Entered the Ecumenical Temple
  4577 | Temple   | Became a worshipper of Cheibriados the Contemplative
  4577 | Temple   | Reached * piety under Cheibriados
  4577 | Temple   | Reached ** piety under Cheibriados
  4850 | D:4      | Found a sparkling altar of Nemelex Xobeh.
  4877 | D:5      | Entered Level 5 of the Dungeon
  5791 | D:5      | Reached *** piety under Cheibriados
  5927 | D:6      | Noticed Edmund
  5933 | D:6      | Reached XP level 8. HP: 57/70 MP: 7/7
  5967 | D:6      | Killed Edmund
  5969 | D:6      | HP: 2/71 [gnoll/halberd of venom (9)]
  6353 | D:6      | Reached skill level 5 in Armour
  6485 | D:6      | Got a pair of ancient gloves
  6496 | D:6      | Identified the +1 pair of gloves of the Poles {rPois Int+4} (You found it on level 6 of the Dungeon)
  6547 | D:6      | Reached skill level 5 in Shields
  6715 | D:6      | Reached skill level 1 in Invocations
  7071 | D:7      | Reached **** piety under Cheibriados
  7225 | D:7      | Found Fockideh's Food Emporium.
  7253 | D:7      | Reached XP level 9. HP: 79/79 MP: 7/9
  7878 | D:8      | Found a shattered altar of Ashenzari.
  7954 | D:8      | Noticed Joseph
  7974 | D:8      | Killed Joseph
  7974 | D:8      | Reached ***** piety under Cheibriados
  8003 | D:8      | Noticed a two-headed ogre
  8013 | D:8      | Killed a two-headed ogre
  8022 | D:8      | Noticed Maurice
  8039 | D:8      | Killed Maurice
  8039 | D:8      | Reached XP level 10. HP: 75/90 MP: 8/11
  8176 | D:8      | Found a sacrificial altar of Ru.
  9424 | D:10     | Entered Level 10 of the Dungeon
  9454 | D:10     | Reached skill level 5 in Invocations
  9524 | D:10     | Found a staircase to the Lair.
  9765 | D:10     | Found a staircase to the Orcish Mines.
  9778 | D:10     | Reached XP level 11. HP: 88/99 MP: 10/14
  9902 | D:10     | Reached skill level 10 in Fighting
  9983 | D:10     | Reached ****** piety under Cheibriados
 10095 | D:10     | Reached skill level 10 in Long Blades
 10717 | D:11     | Noticed a two-headed ogre
 10725 | D:11     | Killed a two-headed ogre
 10879 | D:11     | Noticed a two-headed ogre
 10884 | D:11     | Killed a two-headed ogre
 10938 | D:11     | Noticed a two-headed ogre
 11100 | D:11     | Killed a two-headed ogre
 11193 | D:11     | Noticed an eight-headed hydra
 11222 | D:11     | Killed an 18-headed hydra
 11222 | D:11     | Reached skill level 10 in Dodging
 11532 | D:12     | Noticed Frances
 11537 | D:12     | Reached skill level 10 in Armour
 11551 | D:12     | Killed from afar by Frances

Skill      XL: |  1  2  3  4  5  6  7  8  9 10 11 |
---------------+----------------------------------+-----
Fighting       | 4 5 6 7 8 9 10 | 10.7
Long Blades    | 4 5 6 7 8 9 10 | 10.8
Armour         | 1 2 3 4 5 7 9 10 | 10.0
Dodging        | 4 5 6 8 9 10 | 10.1
Shields        | 1 2 3 5 |  5.0
Invocations    | 1 3 5 6 |  6.8
Stealth        | |  1.9

Action                   |  1- 3 |  4- 6 |  7- 9 | 10-12 || total
-------------------------+-------+-------+-------+-------++-------
Melee: Falchion          |    75 |   152 |   296 |   320 ||   843
       Headbutt          |    14 |    33 |   111 |   153 ||   311
Invok: Bend Time         |       |       |     2 |     1 ||     3
       Slouch            |       |       |       |     1 ||     1
  Use: Scroll            |       |     3 |     7 |    13 ||    23
       Potion            |       |     1 |     2 |       ||     3
 Stab: Sleeping          |     9 |     3 |     2 |       ||    14
  Eat: Chunk             |     2 |     7 |     8 |     6 ||    23
       Fruit             |       |       |     1 |       ||     1
       Meat ration       |       |       |       |     1 ||     1
Armor: Robe              |    17 |       |       |       ||    17
       Leather armour    |       |    42 |     5 |       ||    47
       Scale mail        |       |       |    16 |       ||    16
       Chain mail        |       |       |    64 |   123 ||   187
       Ring mail         |       |       |     3 |       ||     3
Dodge: Dodged            |    40 |   102 |   186 |   288 ||   616
Block: Buckler           |       |       |    74 |   160 ||   234
       Rpst.: Falchion   |     9 |    36 |    39 |    50 ||   134
